[Event "Early-Titled-Tuesday-Blitz-February-27-2024"]
[Site "Chess.com"]
[Date "2024.02.27"]
[Round "6"]
[White "KuzubovYuriy"]
[Black "GMSrinath"]
[Result "1/2-1/2"]
[WhiteElo "2955"]
[BlackElo "2805"]
[TimeControl "180+1"]
[EndTime "9:05:56 PST"]
[Termination "Game drawn by repetition"]

1. d4 d5 2. c4 dxc4 3. e4 e5 4. Nf3 Bb4+ 5. Nc3 Nf6 6. Nxe5 b5 7. f3 O-O 8. a3 Ba5 9. Be3 Qe7 10. a4 a6 11.
axb5 axb5 12. Be2 c5 13. O-O cxd4 14. Qxd4 Qb7 15. Rfd1 Be6 16. Qc5 Nbd7 17. Nxd7 Nxd7 18. Qxb5 Qxb5 19. Nxb5 Rfb8 20. Nd6 c3 21. bxc3 Bxc3 22. Rxa8 Rxa8 23. Bc4 Bxc4 24. Nxc4 Ne5 25. Nb6 Ra1 26.
Rxa1 Bxa1 27. Kf1 Nc6 28. Nd5 f6 29. Ke2 Kf7 30. g4 g5 31. Bf2 Kg6 32. Bc5 h5 33. h3 hxg4 34. hxg4 Kf7 35. Ne3 Bd4 36. Bxd4 Nxd4+ 37. Kf2 Ke6 38. Nf5 Nc2 39. Ke2 Ke5 40. Ne3 Nd4+ 41.
Kf2 Ne6 42. Nd5 Nd4 43. Ke3 Nc2+ 44. Kd3 Ne1+ 45. Ke2 Nc2 46. Ne7 Nd4+ 47. Kf2 Ke6 48. Nf5 Nc2 49. Ne3 Nd4 50. Nc4 Nc2 51. Ke2 Nd4+ 52.
Ke3 Nc2+ 53. Kf2 Nd4 54. Nd2 Nc2 55. Ke2 Nd4+ 56. Kd3 Nc6 57. Nc4 Nb4+ 58. Kd4 Nc2+ 59. Kd3 Ne1+ 60. Ke2 Nc2 61. Nd2 Nd4+ 62. Kd3 Nc6 63.
Nb3 Ne5+ 64. Ke3 Nc4+ 65. Kd4 Ne5 66. Nd2 Nc6+ 67. Kc5 Ne5 68. Kd4 Nc6+ 69. Ke3 Ne5 70. Nf1 Nc4+ 71. Kd4 Ne5 72. Nd2 1/2-1/2

[Event "Early-Titled-Tuesday-Blitz-February-27-2024"]
[Site "Chess.com"]
[Date "2024.02.27"]
[Round "6"]
[White "Mops_2004"]
[Black "Njal28"]
[Result "0-1"]
[WhiteElo "2827"]
[BlackElo "3002"]
[TimeControl "180+1"]
[EndTime "9:05:57 PST"]
[Termination "Njal28 won on time"]

1. g3 d5 2. Bg2 e5 3. d3 Nf6 4. Nf3 Nc6 5. O-O Be6 6. a3 Qd7 7. b4 Bd6 8. Bb2 a6 9. Ng5 Bg4 10. c4 d4 11. Nd2 O-O 12. h3 Bf5 13. Kh2 h6 14. Nge4 Nxe4 15. Nxe4 Be7 16. f4 exf4 17. Rxf4 Bg6 18. Qg1 Rad8 19. Raf1 b6 20. Qh1 Ne5 21. Bxd4 Qxd4 22. Nf6+ Bxf6 23. Rxd4 Rxd4 24. Bd5 b5 25. Qg1 bxc4 26. dxc4 Rd2 27. Rf2 c6 28. Qc1 Bg5 29.
Qc3 Re8 30. Bg2 Rc2 31. Qd4 Rxc4 32. Qd6 Rc1 33. Qc7 h5 34. Rf1 Rxf1 35. Bxf1 h4 36.
g4 Bf4+ 37. Kh1 Be4+ 38. Bg2 Nd3 39. Qd7 Bxg2+ 40. Kxg2 Rxe2+ 41. Kf1 Re3 42. Qd8+ Kh7 43. Qxh4+ Kg8 44. Qd8+ Kh7 45. Qh4+ Kg6 46. Qh5+ Kf6 47. Qh4+ Bg5 48. Qh8 Rf3+ 49. Ke2 Re3+ 50. Kf1 Nf4 51. Qd8+ Kg6 52. Qd6+ Re6 53. Qb8 Nxh3 54. Kg2 Nf4+ 55. Kf3 Nd5 56. Qc8 Re3+ 57. Kf2 Re6 58. Qd7 Be3+ 59.
Kf3 Rf6+ 60. Kg2 Bg5 61. Qc8 Ne3+ 62. Kg3 Bf4+ 63. Kh3 Kg5 0-1

[Event "Early-Titled-Tuesday-Blitz-February-27-2024"]
[Site "Chess.com"]
[Date "2024.02.27"]
[Round "6"]
[White "deribas12345"]
[Black "Alex_Sahakyan2006"]
[Result "1-0"]
[WhiteElo "2584"]
[BlackElo "2817"]
[TimeControl "180+1"]
[EndTime "9:05:57 PST"]
[Termination "deribas12345 won by resignation"]

1. d4 Nf6 2. c4 c5 3. d5 b5 4. e4 Nxe4 5. Qf3 Nd6 6. Nc3 g6 7. cxb5 Bg7 8. h4 h5 9. Nh3 Bb7 10. Bg5 Nf5 11. Bd3 Nd4 12. Qe4 d6 13. Nf4 Nd7 14.
Nxg6 fxg6 15. Qxg6+ Kf8 16. f4 Nf6 17. O-O Qe8 18.
Rae1 Qxg6 19. Bxg6 Bc8 20. f5 Bd7 21. Re3 Ng8 22.
a4 Be5 23. Ne4 Nf6 24. Nxc5 Be8 25. Nd3 Nc2 26. Rxe5 dxe5 27. Nxe5 Bxg6 28. Nxg6+ Kf7 29. Rc1 Nd4 30. Rc7 Rhe8 31. d6 Nxf5 32. Ne5+ Ke6 33. Nc6 Nxd6 34. Nd4+ Kd5 35. Nf3 Nfe4 36. Bf4 e5 37.
Be3 Rec8 38. Rh7 Rc2 39. Rxh5 Re8 40. Bf4 Rxb2 41. Bxe5 Rb1+ 42. Kh2 Nc4 43. Bf4+ Ke6 44. Rh6+ Kf5 45. Bg5 Nxg5 46. hxg5 Ne3 47. Kg3 Nf1+ 48.
Kh4 Ne3 49. g4+ Kf4 50. Rf6+ Ke4 51. Nd2+ Kd3 52. Nxb1 Ke2 53. g6 Nd5 54. Kg5 Nxf6 55. Kxf6 Kd3 56. Na3 Kc3 57. Kf7 Rc8 58. g7 Rc7+ 59.
Kf6 Rc8 60. a5 Kb4 61. b6 axb6 62. axb6 Kxa3 63. Kf7 1-0

[Event "Early-Titled-Tuesday-Blitz-February-27-2024"]
[Site "Chess.com"]
[Date "2024.02.27"]
[Round "6"]
[White "FMStan15"]
[Black "Viktor_Poddubnyi"]
[Result "0-1"]
[WhiteElo "2081"]
[BlackElo "2232"]
[TimeControl "180+1"]
[EndTime "9:05:57 PST"]
[Termination "Viktor_Poddubnyi won on time"]

1. e4 g6 2. d4 Bg7 3. Bc4 e6 4. Nf3 d5 5. exd5 exd5 6. Bd3 Ne7 7. h3 O-O 8. O-O Bf5 9. c3 Nbc6 10. Bg5 Qd7 11.
Bxf5 Nxf5 12. Nbd2 f6 13. Bf4 Nd8 14. Re1 Ne6 15.
Bh2 Rae8 16. Nf1 c6 17. Ne3 Nd6 18. b3 Re7 19. Bxd6 Qxd6 20. b4 Rfe8 21. g3 h5 22. h4 Bh6 23. Kg2 Ng7 24. Nc2 Re4 25. Nd2 Rxe1 26.
Nxe1 Nf5 27. Nef3 Qd7 28. Qf1 Nd6 29. Re1 Ne4 30. Nxe4 dxe4 31. Qc4+ Qd5 32. Qxd5+ cxd5 33. Ng1 Rc8 34. f3 f5 35. fxe4 fxe4 36. Ne2 Rc6 37. Rf1 Bd2 38. b5 Rc4 39. Rf6 Bxc3 40. Rxg6+ Kf7 41.
Rd6 Bxd4 42. Rxd5 Bf6 43. Rxh5 Rc2 44. Kf1 Rxa2 45. Rc5 Rb2 46. Rc7+ Kg6 47. Rxb7 Kf5 48. Nf4 Kg4 49. Rf7 Kf3 50. Ke1 Bc3+ 51. Kd1 Rd2+ 52. Kc1 Kxg3 53. Nd5 Ba5 54. Rxa7 Rxd5 55. Rxa5 e3 56. Ra3 Kf2 57. b6 e2 58. Ra2 Kf1 59. Rxe2 Kxe2 60. b7 Rc5+ 61. Kb2 Rb5+ 62. Kc3 Rxb7 63. h5 Rh7 0-1

[Event "Early-Titled-Tuesday-Blitz-February-27-2024"]
[Site "Chess.com"]
[Date "2024.02.27"]
[Round "6"]
[White "ValeriyGrinev"]
[Black "artin10862"]
[Result "0-1"]
[WhiteElo "2576"]
[BlackElo "2882"]
[TimeControl "180+1"]
[EndTime "9:06:00 PST"]
[Termination "artin10862 won on time"]

1. d4 d5 2. c4 dxc4 3. e3 c5 4. Bxc4 cxd4 5. exd4 Nf6 6. Nc3 e6 7. Nf3 Bb4 8. O-O O-O 9. Bg5 Nc6 10. Rc1 Be7 11. a3 h6 12. Be3 Bd6 13. Qd3 Ne7 14.
Ba2 b6 15. Ne4 Nf5 16. Bb1 Bb7 17. Nxf6+ Qxf6 18. Ne5 Rfd8 19. Nc6 Rd7 20. b4 g6 21.
b5 a6 22. a4 axb5 23. axb5 Ra3 24. Rc3 Rxc3 25. Qxc3 Rc7 26. g3 Ne7 27. Be4 Kg7 28.
Rc1 Nf5 29. Bg2 Rc8 30. Qd2 Ra8 31. d5 Nxe3 32. Qxe3 Bc5 33. Rxc5 bxc5 34. Qxc5 Ra1+ 35. Bf1 exd5 36. Qxd5 Qc3 37. Kg2 Bc8 38. Ne5 Be6 39. Qe4 Qc1 40. Qe2 Qxf1+ 41. Qxf1 Bh3+ 42. Kxh3 Rxf1 43. b6 Rb1 44. Nc4 Rb4 45. Ne3 Rxb6 46. Kg2 Rb2 47. h4 Rb8 48. Nc4 Rc8 49. Ne3 Rd8 50.
Nf1 f5 51. Nh2 Kf6 52. Nf3 g5 53. hxg5+ hxg5 54. Ne1 f4 55. gxf4 gxf4 56. Kf3 Kf5 57. Ng2 Rd3+ 58. Ke2 f3+ 59. Kxd3 fxg2 0-1

[Event "Early-Titled-Tuesday-Blitz-February-27-2024"]
[Site "Chess.com"]
[Date "2024.02.27"]
[Round "6"]
[White "Mikasinski"]
[Black "KanalSzachowy"]
[Result "1-0"]
[WhiteElo "2647"]
[BlackElo "2464"]
[TimeControl "180+1"]
[EndTime "9:06:00 PST"]
[Termination "Mikasinski won on time"]

1. e4 c5 2. Nf3 Nc6 3. d4 cxd4 4.
Nxd4 Nf6 5. Nc3 e5 6. Ndb5 Bb4 7. a3 Bxc3+ 8. Nxc3 d6 9. Be3 Be6 10. Qd2 O-O 11. Be2 Ng4 12. Bxg4 Bxg4 13. f3 Be6 14.
O-O-O Qa5 15. Qxd6 Rad8 16. Qc5 Qc7 17. Nd5 Qb8 18. Rd2 f5 19. Bg5 Rc8 20. Be7 Nd4 21.
Qb4 a5 22. Qd6 Qxd6 23. Bxd6 Bxd5 24. Bxf8 fxe4 25. fxe4 Bxe4 26. Bd6 Nb3+ 27. Kd1 Nxd2 28. Kxd2 Rxc2+ 29. Ke3 Bxg2 30. Rg1 Rxb2 31. Bxe5 Ra2 32. Rd1 Rxa3+ 33. Kf2 Bc6 34. Rd8+ Kf7 35. Rc8 Rf3+ 36.
Ke2 Rf5 37. Rc7+ Ke6 38. Bxg7 Rh5 39. Bf8 Rxh2+ 40. Kd3 a4 41. Kc3 a3 42. Bxa3 Rh3+ 43. Kb2 h5 44. Re7+ Kd5 45. Rg7 Kc4 46. Rg1 Rb3+ 47. Ka2 Rf3 48. Rc1+ Kb5 49. Rc5+ Ka4 50. Rxh5 Rxa3+ 51. Kb2 Rb3+ 52. Kc1 b5 53. Rc5 Be4 54. Kd2 Rd3+ 55. Ke2 Rd4 56. Ke3 Rd5 57. Rc7 Bg6 58. Rc6 Be8 59. Ra6+ Kb4 60. Ra7 Bc6 61. Rc7 Kc5 62.
Rc8 b4 63. Rb8 Rh5 64. Kf4 Rh2 65. Ke3 b3 66. Kd3 1-0

[Event "Early-Titled-Tuesday-Blitz-February-27-2024"]
[Site "Chess.com"]
[Date "2024.02.27"]
[Round "6"]
[White "Christ_is_alive"]
[Black "secrethawk1"]
[Result "1-0"]
[WhiteElo "2304"]
[BlackElo "2490"]
[TimeControl "180+1"]
[EndTime "9:06:00 PST"]
[Termination "Christ_is_alive won by checkmate"]

1. e4 c5 2. Nf3 e6 3. d4 cxd4 4.
Nxd4 a6 5. Bd3 Bc5 6. Nb3 Ba7 7.
Qe2 Nc6 8. Be3 Nf6 9. O-O O-O 10.
Nc3 d5 11. exd5 exd5 12. Bg5 Be6 13. Rad1 Bg4 14. Qxg4 Nxg4 15. Bxd8 Raxd8 16. Nxd5 Rxd5 17. Bxh7+ Kxh7 18. Rxd5 Re8 19. Rd2 Nce5 20. h3 Nf6 21. c3 Nc4 22. Rc2 Ne4 23. Nd4 Rd8 24. Rd1 g6 25.
Re2 f5 26. g4 Nxb2 27. Rxb2 Nxc3 28. Rxb7+ Kh8 29. Rxa7 Nxd1 30. Ne6 Rd6 31. Ng5 Kg8 32. gxf5 gxf5 33. Kg2 Nc3 34. a3 Nb5 35. Ra8+ Kg7 36.
a4 Nc3 37. a5 Na4 38. h4 Nc5 39. Kf3 Nb3 40. h5 Nxa5 41. Ra7+ Kg8 42. Kf4 Rh6 43.
Kxf5 Rxh5 44. Kg6 Rxg5+ 45. Kxg5 Nc6 46. Rxa6 Nd4 47. f4 Nf3+ 48. Kg6 Kf8 49. Kf6 Ke8 50. Ra8+ Kd7 51. Ra7+ Ke8 52. f5 Nd4 53. Ra8+ Kd7 54. Ra7+ Kd6 55. Ra8 Nc6 56. Ra6 Kd7 57. Rxc6 Kxc6 58.
Kg7 Kd5 59. f6 Kd4 60. f7 Kd3 61. f8=Q Kc2 62. Qf7 Kb2 63. Kg6 Ka1 64. Qc4 Kb2 65. Qd3 Ka1 66. Qd2 Kb1 67. Kf5 Ka1 68. Ke4 Kb1 69.
Kd4 Ka1 70. Kc3 Kb1 71. Qb2# 1-0

[Event "Early-Titled-Tuesday-Blitz-February-27-2024"]
[Site "Chess.com"]
[Date "2024.02.27"]
[Round "6"]
[White "Fandorine"]
[Black "nindjaxx8"]
[Result "1/2-1/2"]
[WhiteElo "2899"]
[BlackElo "2662"]
[TimeControl "180+1"]
[EndTime "9:06:01 PST"]
[Termination "Game drawn - insufficient material"]

1. e4 e6 2. d3 d5 3. Nd2 Nf6 4. Ngf3 Nc6 5. Be2 dxe4 6. dxe4 e5 7. O-O Bc5 8. c3 a5 9. Qc2 Qe7 10. Nc4 O-O 11. Bg5 Bg4 12. h3 Bh5 13. Ne3 Bxe3 14. Bxe3 Bg6 15. Bd3 Rad8 16. Nh4 Rd7 17. Nxg6 hxg6 18.
Bb5 Rfd8 19. Rfe1 Qe6 20. Qa4 Nh5 21. Bc4 Qe7 22. Qb5 Nf4 23. Qxb7 Qf6 24. Bb5 Rd6 25. Qxc7 Nd3 26. Bxd3 Rxd3 27. Qb6 R8d6 28. Qb5 Kh7 29.
a4 Nd8 30. Qb3 Ne6 31. Rad1 Nf4 32. Qc2 Qd8 33. Rxd3 Rxd3 34. b4 axb4 35. cxb4 Ra3 36. a5 Qd6 37. Qc5 Qe6 38. Bxf4 exf4 39. Qg5 Qc4 40.
Qh4+ Kg8 41. Qxf4 Qxb4 42. Rc1 Qxa5 43. Rc8+ Kh7 44. Qb8 Ra1+ 45. Kh2 g5 46. Rh8+ Kg6 47. Qd6+ f6 48. f4 gxf4 49. Qxf4 Qg5 50. Qxg5+ Kxg5 51. Rh7 Kg6 52. Rh4 Re1 53. Rg4+ Kf7 54. Kg3 g5 55.
Kf2 Ra1 56. h4 Ra2+ 57. Kg3 Ra3+ 58. Kh2 gxh4 59. Rxh4 Ke6 60. Rf4 Ke5 61. Rf5+ Ke6 62. Rf3 Ra4 63. Rf4 Ke5 64. Rf5+ Ke6 65. Rf4 Ke5 66.
Kg3 Rxe4 67. Rxe4+ Kxe4 68. Kg4 Ke3 69. Kf5 Kf2 70.
g4 Kg3 71. g5 fxg5 72. Kxg5 1/2-1/2

[Event "Early-Titled-Tuesday-Blitz-February-27-2024"]
[Site "Chess.com"]
[Date "2024.02.27"]
[Round "6"]
[White "JERO-8914"]
[Black "kingofthenil"]
[Result "1/2-1/2"]
[WhiteElo "2472"]
[BlackElo "2742"]
[TimeControl "180+1"]
[EndTime "9:06:02 PST"]
[Termination "Game drawn by repetition"]

1. c4 e6 2. d4 d5 3. Nc3 a6 4. e3 Nf6 5. Nf3 Nbd7 6. Bd3 dxc4 7. Bxc4 b5 8. Bd3 Bb7 9. O-O c5 10. dxc5 Bxc5 11. a3 Qc7 12. b4 Bd6 13. Bb2 Rd8 14. Rc1 Bxf3 15. Qxf3 Bxh2+ 16. Kh1 Ne5 17. Nxb5 Qd7 18.
Bxe5 Bxe5 19. Nd4 Bxd4 20. exd4 Qxd4 21. Rfd1 Qh4+ 22. Kg1 O-O 23. Bxa6 Nd5 24. Bc4 Nb6 25. Bb3 g6 26. Qc6 Rb8 27. Qc3 Rfc8 28. Qe3 Re8 29. Rd4 Qf6 30. a4 Nd5 31. Bxd5 exd5 32. Qd2 Re2 33.
Qf4 Qxf4 34. Rxf4 Ra2 35. a5 Rb7 36. Rb1 Rxa5 37. Kh2 Rab5 38. Rd4 Kg7 39. Kg3 Kf6 40. Kf3 Ke5 41. Ke3 Ra7 42. Rd3 Ra4 43. Rdb3 d4+ 44. Kd3 Kd5 45. f3 Ra2 46. R1b2 Ra1 47. g4 Rd1+ 48. Ke2 Rc1 49. Kd2 Rf1 50. Ke2 Rc1 51.
Kd2 Rc4 52. Kd3 h5 53. gxh5 gxh5 54. Rh2 Rbxb4 55. Rxh5+ Ke6 56. Rxb4 Rxb4 57. Ra5 f5 58. f4 Kf6 59. Ra6+ Kg7 60. Rd6 Kf7 61. Rxd4 Rb3+ 62. Kc4 Re3 63. Kd5 Kg6 64. Rd1 Kh5 65.
Rg1 Kh4 66. Rg5 Rf3 67. Rxf5 Kg4 68. Ke4 Re3+ 69. Kxe3 Kxf5 70. Kf3 Kf6 71. Ke4 Ke6 72. f5+ Kf6 73. Kf4 Kf7 74. Kg5 Kg7 75. Kg4 Kf6 76. Kf4 Kf7 77. Kg3 Kf6 78. Kg4 Kf7 79. Kg5 Kg7 80.
f6+ Kf7 81. Kf5 Kf8 82. Kg6 Kg8 83. Kh6 Kf7 84. Kg5 Kf8 85. Kg6 Kg8 86. Kf5 Kf7 87. Ke5 Kf8 88. Ke6 Ke8 89. Kf5 Kf7 90. Kg5 Kf8 91.
Kg6 1/2-1/2

[Event "Early-Titled-Tuesday-Blitz-February-27-2024"]
[Site "Chess.com"]
[Date "2024.02.27"]
[Round "6"]
[White "Iunusovnuriddin"]
[Black "betta2004"]
[Result "0-1"]
[WhiteElo "2365"]
[BlackElo "2587"]
[TimeControl "180+1"]
[EndTime "9:06:02 PST"]
[Termination "betta2004 won by checkmate"]

1. e4 e5 2. Nf3 Nf6 3. d4 Nxe4 4. dxe5 d5 5. Bd3 Nc5 6. O-O Be7 7. c3 Bg4 8. Bc2 Nc6 9. Re1 h6 10. h3 Bh5 11. g4 Bg6 12. e6 Bxc2 13. exf7+ Kxf7 14. Qxc2 Qd6 15. Be3 Ne4 16. Nbd2 Nxd2 17. Qxd2 Bf6 18. Rad1 Rad8 19. Bf4 Qd7 20. Qd3 Rhe8 21. Rxe8 Qxe8 22. Re1 Qd7 23. Rd1 Ne7 24. Nd4 a6 25. c4 dxc4 26. Qxc4+ Qd5 27. Qxc7 Bxd4 28. Be3 Rd7 29. Qf4+ Kg8 30.
Rxd4 Qe6 31. Rxd7 Qxd7 32. Qd4 Nd5 33. Bd2 Qe6 34. Qd3 b5 35. b3 Nf6 36. f3 Nd7 37.
Qe4 Qd6 38. Bf4 Qc5+ 39. Be3 Qd6 40. Qd4 Qe6 41. f4 Nf6 42. f5 Qc6 43. Qd8+ Kh7 44. Qd3 Qf3 45. Qd4 Qxh3 46. g5 hxg5 47. Kf2 Ng4+ 48.
Ke2 Nxe3 49. Qxe3 Qxf5 50. Qb6 Qf6 51. Qe3 g4 52. Qe4+ Qg6 53. Qg2 g3 54. Kf3 Qc6+ 55.
Kxg3 Qxg2+ 56. Kxg2 Kg6 57. a4 b4 58. Kf3 a5 59.
Kf4 Kf6 60. Kg4 g5 61. Kg3 Kf5 62. Kf3 g4+ 63. Kg3 Kg5 64. Kg2 Kf4 65. Kf2 Ke4 66.
Kg3 Kd3 67. Kxg4 Kc3 68. Kf3 Kxb3 69. Ke3 Kxa4 70. Kd2 Ka3 71. Kc1 Ka2 72. Kc2 b3+ 73. Kc1 b2+ 74. Kd2 b1=Q 75. Kc3 Qb3+ 76. Kd4 a4 77.
Ke5 Kb2 78. Kd4 a3 79. Ke5 a2 80. Kd4 a1=Q 81. Ke5 Qe1+ 82. Kd4 Qb6+ 83. Kd5 Qee6# 0-1

[Event "Early-Titled-Tuesday-Blitz-February-27-2024"]
[Site "Chess.com"]
[Date "2024.02.27"]
[Round "6"]
[White "AcostaPablo"]
[Black "emeli_chess"]
[Result "0-1"]
[WhiteElo "2613"]
[BlackElo "2446"]
[TimeControl "180+1"]
[EndTime "9:06:03 PST"]
[Termination "emeli_chess won by checkmate"]

1. c4 e6 2. g3 d5 3. Nf3 c5 4.
cxd5 Qxd5 5. Bg2 Qd8 6. Nc3 Nc6 7. O-O Nf6 8. d3 Be7 9. Bg5 O-O 10. Bxf6 Bxf6 11.
Rc1 b6 12. Qa4 Bb7 13. Ne4 Be7 14. Rfd1 Qd7 15. d4 Ne5 16. Qxd7 Nxd7 17. Nc3 Rfd8 18. e3 Rac8 19. d5 Nf6 20. dxe6 fxe6 21. Ng5 Bxg2 22. Kxg2 e5 23. Ne6 Rxd1 24. Rxd1 h6 25. Nb5 Kf7 26.
Nec7 Rd8 27. Rxd8 Bxd8 28. Na6 Nd5 29. e4 Ne7 30. Nxa7 Ke6 31. Nb5 Nc6 32. Nac7+ Kd7 33. Nd5 Nd4 34. Nxd4 exd4 35. Kf3 Kc6 36. a4 c4 37. Ke2 Kc5 38. f4 b5 39. axb5 Kxb5 40. Kd2 Kc5 41. Kc2 Ba5 42. g4 d3+ 43. Kd1 Kd4 44.
Ne7 Kxe4 45. Nc6 Bb6 46. f5 Bd4 47. Nxd4 Kxd4 48. Kd2 Ke4 49. h3 Kd4 50. h4 Ke4 51. g5 hxg5 52. hxg5 Kxf5 53. b3 cxb3 54. Kxd3 Kxg5 55.
Kc3 Kf4 56. Kxb3 Ke3 57. Kc4 g5 58. Kd5 g4 59. Ke6 g3 60. Kf5 g2 61. Kf6 g1=Q 62.
Kf7 Qg5 63. Ke6 Ke4 64. Kd7 Qf6 65. Kc7 Kd5 66. Kb7 Qc6+ 67. Ka7 Qb5 68. Ka8 Kc6 69.
Ka7 Qb7# 0-1

[Event "Early-Titled-Tuesday-Blitz-February-27-2024"]
[Site "Chess.com"]
[Date "2024.02.27"]
[Round "6"]
[White "Goryachkina"]
[Black "Herman-NY"]
[Result "1-0"]
[WhiteElo "2693"]
[BlackElo "2528"]
[TimeControl "180+1"]
[EndTime "9:06:07 PST"]
[Termination "Goryachkina won by resignation"]

1. e4 e5 2. Nf3 Nc6 3. Nc3 Nf6 4.
Bb5 Bb4 5. O-O d6 6. d3 O-O 7. Ne2 Ne7 8. Ng3 Ng6 9. c3 Ba5 10. d4 h6 11. h3 Bb6 12. Re1 c6 13. Ba4 Re8 14. Bc2 a5 15. Be3 Bc7 16. Qd2 a4 17.
Rad1 a3 18. b4 Qe7 19. Nf5 Bxf5 20. exf5 Nf8 21. dxe5 dxe5 22. Bb3 N6d7 23. Bxh6 gxh6 24. Qxh6 Qf6 25. Qh5 Qg7 26. Ng5 Re7 27. Re3 Nf6 28.
Qh4 e4 29. Nxe4 Rxe4 30. Rxe4 Nxe4 31. Qxe4 Rd8 32. Re1 Qxc3 33. Qg4+ Qg7 34. Qf3 Rd4 35. f6 Qg5 36. Bxf7+ Kxf7 37. Re7+ Kg8 38. Rg7+ Qxg7 39.
fxg7 Kxg7 40. g3 Be5 41. Qf5 Bf6 42. g4 Rd5 43. Qf4 Ng6 44. Qc7+ Kh6 45. Qxb7 Rd1+ 46.
Kg2 Nf4+ 47. Kf3 Ng6 48. Qc8 Ne5+ 49. Kg2 Rd4 50. Qf8+ Kg6 51. Qe8+ Kg7 52. Qc8 Rd2 53. Qb7+ Kg6 54. b5 c5 55. Qe4+ Kg7 56. b6 Rb2 57.
b7 c4 58. Qd5 Nd3 59. Qd7+ Kg6 60. Qf5+ Kg7 61. Qd7+ Kg6 62. Qf5+ Kg7 63. g5 Rxf2+ 64. Qxf2 Nxf2 65. gxf6+ Kxf6 66. Kxf2 c3 67. b8=Q c2 68. Qc7 1-0

[Event "Early-Titled-Tuesday-Blitz-February-27-2024"]
[Site "Chess.com"]
[Date "2024.02.27"]
[Round "6"]
[White "As0nchess"]
[Black "Sam_ChessMood"]
[Result "0-1"]
[WhiteElo "2536"]
[BlackElo "2937"]
[TimeControl "180+1"]
[EndTime "9:06:07 PST"]
[Termination "Sam_ChessMood won on time"]

1. e4 c5 2. Nf3 e6 3. d4 cxd4 4.
Nxd4 Nf6 5. Nc3 Nc6 6. Ndb5 d6 7.
Bf4 e5 8. Bg5 a6 9. Na3 b5 10.
Nd5 Be7 11. Bxf6 Bxf6 12. c3 Rb8 13. Nc2 Bg5 14. Be2 O-O 15. O-O Be6 16. Qd3 a5 17. Rfd1 g6 18. Na3 Na7 19. Ne3 Rb6 20. b4 axb4 21. cxb4 Nc6 22. Nac2 Ne7 23. Qc3 Qb8 24. Bg4 Rc8 25. Qb2 Rbc6 26. Bxe6 fxe6 27. Qb3 Kf7 28. Rd3 h5 29. g3 Ng8 30. Rad1 Be7 31. Ne1 Nf6 32.
f3 Qc7 33. Kg2 Qb6 34. N1c2 Qc7 35. R1d2 Rc3 36. Rxc3 Qxc3 37. Rd3 Qc6 38. Na3 Bd8 39. Qd1 Ke7 40. Qe2 Bb6 41. Nd1 Ba7 42. Rc3 Qb7 43.
Nxb5 Bb6 44. Rxc8 Qxc8 45. Qd2 Qc6 46. a4 d5 47. exd5 exd5 48. Qg5 Qc2+ 49. Kh3 Ke6 50. Ndc3 Qd3 51. a5 Qf1+ 52. Kh4 Qg2 53. h3 Bf2 54. Nc7+ Kf7 55. N3xd5 Nh7 56. Qe7+ Kg8 57. Qe8+ Kg7 58. Ne6+ Kh6 0-1

[Event "Early-Titled-Tuesday-Blitz-February-27-2024"]
[Site "Chess.com"]
[Date "2024.02.27"]
[Round "6"]
[White "Tashik"]
[Black "Sajith_Peiris"]
[Result "1-0"]
[WhiteElo "2502"]
[BlackElo "2284"]
[TimeControl "180+1"]
[EndTime "9:06:07 PST"]
[Termination "Tashik won on time"]

1. c4 e5 2. Nc3 Nf6 3. Nf3 Nc6 4. g3 d5 5. cxd5 Nxd5 6. Bg2 Nb6 7. O-O Be7 8. a3 O-O 9. b4 Be6 10. Rb1 f6 11. b5 Nd4 12. e3 Nxf3+ 13. Bxf3 Bc4 14. Bxb7 Rb8 15. Bc6 Bxf1 16. Qxf1 Kh8 17. a4 f5 18.
a5 Nc8 19. Nd5 Bd6 20. Bb2 Ne7 21. Nxe7 Qxe7 22. f4 Rf6 23. Kh1 Rbf8 24. Qc4 Rh6 25. Rg1 Rg6 26. fxe5 Bxe5 27. Bd4 Bxd4 28. Qxd4 Rd8 29.
Qxa7 h6 30. Rg2 Rgd6 31. Qc5 Qf6 32. Qc3 Qxc3 33. dxc3 Rd1+ 34. Rg1 Rxg1+ 35. Kxg1 Rd1+ 36. Kf2 Ra1 37. a6 Kg8 38. c4 Kf8 39. c5 Ke7 40.
Kf3 g5 41. h4 Kd8 42. hxg5 hxg5 43. g4 fxg4+ 44. Kxg4 Rg1+ 45. Kf5 Ra1 46. Bb7 Ra5 47. Kxg5 Kd7 48. Kf6 Ra3 49. e4 Rf3+ 50. Kg5 Ra3 51. Kf6 Rf3+ 52. Ke5 Ra3 53. Kd5 Rd3+ 54. Kc4 Ra3 55.
e5 Ra4+ 56. Kd5 Ra1 57. e6+ Kd8 58. Kc6 Ra5 59. e7+ 1-0

[Event "Early-Titled-Tuesday-Blitz-February-27-2024"]
[Site "Chess.com"]
[Date "2024.02.27"]
[Round "6"]
[White "vi_pranav"]
[Black "PLAYER_2006_M"]
[Result "1-0"]
[WhiteElo "3123"]
[BlackElo "3012"]
[TimeControl "180+1"]
[EndTime "9:06:08 PST"]
[Termination "vi_pranav won by resignation"]

1. Nf3 Nf6 2. g3 e6 3. Bg2 d5 4. O-O Be7 5. d3 O-O 6. Nbd2 c5 7.
e4 Nc6 8. Re1 b5 9. e5 Nd7 10.
Nf1 a5 11. h4 b4 12. N1h2 Bb7 13. h5 Qc7 14. h6 g6 15. Ng4 Rfc8 16. Bf4 Qd8 17. c3 a4 18. a3 bxc3 19. bxc3 Ba6 20. Bf1 Na5 21. Qxa4 c4 22. Qd1 cxd3 23. Bxd3 Bxd3 24.
Qxd3 Nc5 25. Qe2 Ne4 26. a4 Nb3 27. Rad1 Nxc3 28. Qd3 Nxd1 29. Qxb3 Nc3 30. Kg2 Rab8 31. Qc2 Ne4 32. Qe2 Rb4 33. Ra1 Rbc4 34. Ne3 Nc3 35.
Qc2 Nxa4 36. Nxc4 Rxc4 37. Qb3 Nc5 38. Qb1 Ra4 39. Rxa4 Nxa4 40. Nd4 Qe8 41. Qb7 Nc5 42.
Qc7 Nd3 43. Be3 Qd8 44. Qb7 Nxe5 45. Bf4 Nd3 46. Nc6 Nc5 47. Qa7 Qd7 48. Nxe7+ Kf8 49. Qxc5 f6 50. Nc6+ Kf7 51. Qa7 Qxa7 52. Nxa7 e5 53. Bc1 Ke6 54. Kf3 d4 55. Nb5 Kd5 56. Nc7+ Kc4 57. Ne8 f5 58. Nf6 Kd3 59. Nxh7 e4+ 60.
Kg2 Kc2 61. Bg5 e3 62. fxe3 d3 63. e4 fxe4 64. Nf6 1-0

[Event "Early-Titled-Tuesday-Blitz-February-27-2024"]
[Site "Chess.com"]
[Date "2024.02.27"]
[Round "6"]
[White "wqws"]
[Black "kleinebeer98"]
[Result "0-1"]
[WhiteElo "2690"]
[BlackElo "2890"]
[TimeControl "180+1"]
[EndTime "9:06:12 PST"]
[Termination "kleinebeer98 won on time"]

1. e4 e5 2. Nf3 Nc6 3. Bb5 f5 4. d3 fxe4 5. dxe4 Nf6 6. O-O d6 7.
Bg5 Be7 8. Nbd2 O-O 9. Re1 Kh8 10. Nf1 Nh5 11. Be3 Nf4 12. Bxf4 Rxf4 13. Ng3 Bg4 14. Be2 Bxf3 15. Bxf3 Nd4 16. Bg4 Bh4 17. c3 Nc6 18.
Bf3 g6 19. Qb3 Qd7 20. Qxb7 Rb8 21. Qa6 Rxb2 22. Rab1 Rb6 23. Rxb6 axb6 24. Qb5 Nb8 25. a4 Bd8 26. Nf1 c6 27. Qb3 Qf7 28. Qxf7 Rxf7 29. Ne3 Ra7 30. Rd1 Bc7 31. Nc4 Rxa4 32. Nxd6 Bxd6 33.
Rxd6 Ra1+ 34. Rd1 Rxd1+ 35. Bxd1 Nd7 36. Kf1 Nc5 37. Bc2 b5 38. Ke2 Kg7 39. Ke3 g5 40. g3 g4 41. Bd1 h5 42. f4 Kf6 43.
Be2 Na4 44. Kd2 Nb6 45. Bf1 Nd7 46. h3 Nc5 47. Ke3 Na4 48. hxg4 hxg4 49. Kd2 exf4 50. gxf4 g3 51. Bh3 Nb2 52. e5+ Ke7 53. Ke3 Nd1+ 54.
Kd4 c5+ 55. Kxc5 Nxc3 56. f5 Ne2 57. f6+ Kf7 58. Kd6 Nf4 59. Bf1 b4 60. Bc4+ Kg6 61. f7 Kg7 62. e6 Nxe6 63. Kxe6 Kf8 0-1

[Event "Early-Titled-Tuesday-Blitz-February-27-2024"]
[Site "Chess.com"]
[Date "2024.02.27"]
[Round "6"]
[White "falzehope0"]
[Black "HittingRookBottom"]
[Result "1-0"]
[WhiteElo "2346"]
[BlackElo "2016"]
[TimeControl "180+1"]
[EndTime "9:06:12 PST"]
[Termination "falzehope0 won by checkmate"]

1. d4 c6 2. e3 d5 3. Bd3 Nf6 4. f4 e6 5. Nf3 c5 6. c3 Nbd7 7.
Nbd2 Be7 8. Ne5 Nxe5 9. fxe5 Nd7 10. O-O Qb6 11. Kh1 Nf8 12. Qf3 f5 13. Qh5+ Ng6 14.
g4 Bd7 15. gxf5 exf5 16. Bxf5 Bxf5 17. Rxf5 O-O-O 18. Rf7 Qe6 19. Qf5 Qxf5 20. Rxf5 Rdf8 21. Rf1 Rxf1+ 22. Nxf1 Rf8 23. Kg1 Rf3 24. Bd2 Bh4 25. Be1 Bg5 26. Kg2 Rf5 27. Bf2 Bh4 28. Ng3 Bxg3 29.
Bxg3 cxd4 30. exd4 Kd7 31. Rc1 Rf8 32. c4 Rc8 33. b3 Ne7 34. Kf3 Nf5 35. Bf2 b5 36. c5 Rf8 37. Ke2 Kc6 38. Kd3 g5 39.
Rf1 Ng7 40. Ke2 Ne6 41. Be3 Rxf1 42. Kxf1 a5 43. Kf2 h5 44. Kg3 Kd7 45. Kf3 Kc6 46.
Ke2 b4 47. Kd3 Kb5 48. Bd2 Kc6 49. Bc1 Kb5 50. Bb2 Kc6 51. a3 Kb5 52. axb4 Kxb4 53. Bc3+ Kb5 54. Bd2 a4 55. bxa4+ Kxa4 56. c6 Kb5 57. Bxg5 Kxc6 58. Be3 Kb5 59. Bf2 Kc6 60. Ke3 Kb5 61. Kf3 Kc4 62. Kg3 Kd3 63. Kh4 Ke4 64. Kxh5 Kf5 65. Kh6 Nf4 66. h4 Ng6 67. h5 Nf4 68.
Be3 Ne6 69. Kh7 Nf8+ 70. Kg8 Ne6 71. h6 Kg6 72. h7 Kf5 73. h8=Q Ke4 74. Qf6 Nxd4 75.
Bxd4 Kxd4 76. e6+ Kc4 77. e7 d4 78. e8=Q d3 79. Qe4+ Kb3 80. Qb6+ Kc3 81. Qc5+ Kb3 82. Qxd3+ Kb2 83. Qcc3+ Ka2 84. Qdc2# 1-0